 Dungeon Crawl Stone Soup version 0.29-a0-464-g50448035db (webtiles) character file.

Game seed: 16272488901594795558

14 Bruhh the Skirmisher (level 2, -7/35 HPs)
             Began as an Ogre Fighter on May 20, 2022.
             Killed from afar by Sigmund (11 damage)
             ... with a puff of flame
             ... on level 2 of the Dungeon.
             The game lasted 00:00:34 (411 turns).

Bruhh the Skirmisher (Ogre Fighter)                  Turns: 411, Time: 00:00:35

Health: -7/35      AC:  3    Str: 19    XL:     2   Next: 45%
Magic:  2/2        EV:  8    Int:  9    God:
Gold:   0          SH:  7    Dex:  8    Spells: 1/1 levels left

rFire   . . .      SeeInvis .   a - +0 war axe
rCold   . . .      Faith    .   c - +0 kite shield
rNeg    . . .      Spirit   .   b - +0 robe
rPois   .          Reflect  .   (helmet restricted)
rElec   .          Harm     .   (no cloak)
rCorr   .          Rampage  .   (gloves unavailable)
Will    .....                   (boots unavailable)
Stlth   +.........              (no amulet)
HPRegen 0.11/turn               (no ring)
MPRegen 0.08/turn               (no ring)

@: no status effects
A: large, unfitting armour, tough skin 1
a: no special abilities


You were on level 2 of the Dungeon.
You visited 1 branch of the dungeon, and saw 2 of its levels.

Inventory:

Hand Weapons
 a - a +0 war axe (weapon)
Armour
 b - a +0 robe (worn)
 c - a +0 kite shield (worn)


   Skills:
 + Level 5.1 Fighting
 - Level 2.0 Axes
 - Level 2.6 Dodging
 - Level 3.0 Shields


You had one spell level left.
You didn't know any spells.
Your spell library was empty.

Dungeon Overview and Level Annotations

Branches:
Dungeon (2/15)

Altars:

Annotations:
D:2 Sigmund


Innate Abilities, Weirdness & Mutations

You are too large for most types of armour.
You have tough skin. (AC +1)


Message History

a +0 club; a goblin corpse; a frilled lizard corpse You closely miss the kobold.
You block the kobold's attack.
You barely miss the kobold.
The kobold hits you with a +0 short sword.
* * * LOW HITPOINT WARNING * * *
The kobold hits you with a +0 short sword.
* * * LOW HITPOINT WARNING * * *
You miss the kobold. You block the kobold's attack.
You slash the kobold!
You kill the kobold!
A bat comes into view.
Things that are here:
a +0 short sword; a stone You block the bat's attack.
You hit the bat.
The bat is moderately wounded.
The bat hits you but does no damage.
You slash the bat!
You kill the bat!
A giant cockroach comes into view.
A giant cockroach is nearby!
A giant cockroach is nearby!
Things that are here:
a +0 short sword; a stone
Things that are here:
a +0 club; a goblin corpse; a frilled lizard corpse You see here a bat corpse.
You feel a little less mighty now.
You see here a bat corpse.
There is a stone staircase leading down here.
You climb downwards.
Sigmund shouts!
Found a stone staircase leading down.
There is a stone staircase leading up here.
The endoplasm freezes you.
You are frozen.
* * * LOW HITPOINT WARNING * * *
Sigmund casts a spell at you. The puff of flame hits you!
You die...

##.
.>...####
@......@#
##.####J#
#.# #..
... ..##
#.# #.#


You could see Sigmund and an endoplasm.

Vanquished Creatures
  A dart slug (D:1)
  3 bats (D:1)
  An endoplasm (D:1)
  2 goblins (D:1)
  2 kobolds (D:1)
  A ball python (D:1)
  A frilled lizard (D:1)
  A rat (D:1)
12 creatures vanquished.

Notes
Turn   | Place    | Note
-------+----------+-------------------------------------------
     0 | D:1      | Bruhh the Ogre Fighter began the quest for the Orb.
     0 | D:1      | Reached XP level 1. HP: 24/24 MP: 1/1
    26 | D:1      | HP: 1/24 [goblin/+0 club (4)]
   354 | D:1      | Reached XP level 2. HP: 24/33 MP: 2/2
   366 | D:1      | Reached skill level 5 in Fighting
   372 | D:1      | HP: 1/35 [kobold/+0 short sword (5)]
   410 | D:2      | Noticed Sigmund
   411 | D:2      | Killed from afar by Sigmund

Illustrated notes

Levels and vault maps discovered:
D:1:      elethiomel_arrival_shortcut, layout_rooms, hangedman_glass_garden,
          serial_bayou_ford_a
D:2:      layout_loops_cross, basic_altar, hangedman_decor_diamond_cutter,
          kennysheep_generic_room_16, uniq_crazy_yiuf_cottage, uniq_sigmund

Skill      XL: |  1  2 |
---------------+-------+-----
Fighting       | 5 |  5.1
Axes           | |  2.0
Dodging        | |  2.6
Shields        | |  3.0

Action                   || total
-------------------------++-------
Melee: War axe           ||    38
  Use: Potion            ||     1
Armor: Robe              ||     9
Dodge: Dodged            ||    11
Block: Kite shield       ||    19

Table legend: (Time is in decaauts)
 A = Elapsed time spent in this place.
 B = Non-inter-level travel time spent in this place.
 C = Inter-level travel time spent in this place.
 D = Time resting spent in this place.
 E = Time spent auto-exploring this place.
 F = Levels seen in this place.
 G = Mean time per level.
                   A        B        C        D        E       F      G
               +--------+--------+--------+--------+--------+-----+--------+
         Total |    431 |    431 |      0 |      0 |    325 |   2 |  215.5 |
       Dungeon |    431 |    431 |      0 |      0 |    325 |   2 |  215.5 |
               +--------+--------+--------+--------+--------+-----+--------+

Top non-repeatable levels by time:
     D:1: 430 daAuts
     D:2: 0 daAuts
